Map: Abyssal Reef LE

Players

avilo - Winner!

  • Race: Terran Terran
  • League: Grandmaster
  • Spawn Location: 11:00

Pacomike

  • Race: Protoss Protoss
  • League: Grandmaster
  • Spawn Location: 5:00

VOD

Have the link to the VOD?

Description

Avilo harrasses Protoss with mines Libs and drops after a 3 base opening for the win.

Time

  • Played on: Sept. 16, 2017, 1:32 a.m.
  • Length: 13:21
Show
View Real Time Build Order
Export as new Build Order

avilo Terran - Winner!

Build Orders: MMM Bio 

Get SALT Encoding   

  12  0:00  SCV  
  13  0:12  SCV  
  14  0:17  Supply Depot  
  14  0:25  SCV  
  15  0:39  SCV  
  15  0:40  Barracks  
  16  0:50  Refinery  
  16  0:51  SCV  
  17  1:03  SCV  
  18  1:15  SCV  
  19  1:27  Marine  
  19  1:29  Orbital Command  
  20  1:42  Command Center  
  20  1:46  Barracks Reactor  
  20  1:56  SCV  
  20  1:57  Supply Depot  
  21  2:08  SCV  
  21  2:13  Factory  
  22  2:19  Refinery  
  22  2:21  SCV  
  23  2:23  Marine  
  23  2:25  Marine  
  25  2:33  SCV  
  26  2:41  Marine  
  26  2:43  Marine  
  28  2:45  SCV  
  29  2:57  SCV  
  30  2:59  Widow Mine  
  30  3:01  Starport  
  30  3:03  Orbital Command  
  32  3:10  SCV  
  32  3:16  Marine x2  
  34  3:22  SCV, Refinery  
  35  3:28  SCV  
  35  3:29  Factory Tech Lab  
  36  3:34  Marine x2, SCV  
  36  3:40  SCV  
  40  3:44  Fusion Core  
  40  3:50  Supply Depot  
  40  3:55  Raven  
  42  3:57  SCV x2  
  44  4:09  SCV, Barracks  
  45  4:10  Factory Tech Lab  
  45  4:11  SCV  
  45  4:12  Barracks Tech Lab  
  45  4:15  Supply Depot  
  46  4:21  SCV, Liberator  
  46  4:23  SCV  
  50  4:32  Advanced Ballistics, Bunker  
  50  4:33  SCV  
  52  4:39  SCV  
  52  4:40  Marine  
  54  4:45  SCV  
  54  4:47  Supply Depot  
  54  4:51  SCV  
  55  4:55  Siege Tank  
  55  4:59  SCV  
  59  5:03  SCV  
  60  5:07  Command Center  
  60  5:09  Liberator  
  60  5:10  Supply Depot  
  60  5:11  SCV  
  62  5:14  Stimpack  
  62  5:16  SCV, Marauder  
  64  5:23  SCV  
  68  5:28  Marine x2  
  68  5:33  SCV  
  71  5:35  SCV  
  71  5:37  Marine  
  73  5:45  Siege Tank, Barracks  
  73  5:46  Marine, SCV  
  73  5:49  Refinery  
  78  5:53  Supply Depot  
  78  5:59  Supply Depot  
  78  6:14  Barracks  
  78  6:15  Marine, SCV x2, Barracks, Marauder  
  83  6:19  Starport Reactor, Orbital Command  
  83  6:29  SCV  
  84  6:33  Marine x2  
  84  6:34  Siege Tank  
  84  6:37  Marauder  
  84  6:38  SCV  
  84  6:39  Supply Depot  
  92  6:40  Combat Shields  
  92  6:41  SCV, Marauder  
  96  6:48  Orbital Command  
  95  6:57  SCV  
  96  7:02  Barracks Tech Lab, Barracks Reactor, Marine  
  96  7:03  Marauder x2  
  96  7:04  Medivac x2  
  96  7:07  SCV  
  103  7:09  SCV  
  103  7:13  Supply Depot  
  103  7:14  Siege Tank, Supply Depot  
  107  7:18  SCV, Refinery  
  107  7:19  SCV  
  107  7:21  SCV  
  110  7:24  Marine  
  110  7:25  Marine, Marauder x2  
  116  7:30  SCV  
  116  7:32  Supply Depot  
  116  7:35  SCV x2, Marauder  
  121  7:39  Medivac  
  121  7:40  Supply Depot  
  121  7:42  Marine  
  121  7:43  SCV, Supply Depot  
  125  7:47  Marine x2, SCV, Marauder  
  125  7:48  Marauder  
  125  7:49  Marine  
  132  7:52  SCV  
  132  7:56  Supply Depot, Marauder  
  135  8:01  Factory Reactor  
  135  8:02  Barracks  
  135  8:04  Engineering Bay  
  134  8:06  Engineering Bay  
  134  8:08  Marauder  
  117  8:21  Marine x3  
  117  8:22  Marauder x2  
  117  8:24  Marine, Medivac  
  117  8:25  Medivac  
  117  8:27  SCV  
  129  8:29  Starport, Marauder  
  129  8:32  Supply Depot  
  129  8:33  Supply Depot  
  131  8:34  Terran Infantry Weapons Level 1, Terran Infantry Armor Level 1  
  131  8:37  Supply Depot  
  131  8:39  Marine x2  
  133  8:44  Marauder x2  
  133  8:47  Marine x2, Widow Mine x2  
  140  8:51  Marauder  
  140  8:53  Liberator  
  140  8:54  Liberator  
  139  8:58  Marine  
  139  8:59  Marauder  
  141  9:03  Marine  
  141  9:04  Marine  
  141  9:05  Marauder x2  
  141  9:09  Starport Reactor  
  146  9:10  Marine  
  146  9:12  Marauder  
  146  9:16  Marine  
  156  9:20  Marine, Marauder  
  156  9:22  Marine  
  160  9:25  Widow Mine x2  
  160  9:26  Marauder x2  
  160  9:27  Marine  
  160  9:31  Armory  
  169  9:32  Liberator  
  169  9:34  Marine, Marauder  
  172  9:38  Marine  
  172  9:40  Marine, Liberator  
  172  9:41  Marauder  
  176  9:45  Marine  
  176  9:48  Marauder x2  
  176  9:52  Refinery  
  184  9:55  Command Center, Marauder  
  184  9:58  Supply Depot  
  188  10:03  Marauder  
  189  10:19  Marine x2, Liberator, Marauder x2  
  195  10:23  Marine x2  
  197  10:35  Marauder  
  197  10:36  Marauder  
  197  10:37  Marine x2  
  197  10:38  Liberator  
  197  10:39  Liberator x2  
  197  10:41  Marauder  
  196  10:46  Marauder  
  190  11:01  Liberator  
  169  11:12  Marine x2  
  169  11:13  Marauder x2  
  168  11:21  Liberator  
  166  11:26  Liberator  
  166  11:30  Marine x2, Marauder  
  166  11:31  Marauder  
  160  11:35  Marine x2  
  160  11:36  Marauder x2  
  160  11:43  Medivac  
  163  11:48  Marine x2  
  163  11:52  Marauder  
  148  11:58  Marine x2, Marauder  
  148  12:00  Marine x2  
  151  12:05  Marine  
  151  12:07  Planetary Fortress  
  152  12:09  Refinery  
  152  12:12  Marine  
  152  12:13  Liberator, Marauder  
  155  12:15  Marine  
  155  12:18  Marine, Marauder x2  
  155  12:20  Marauder  
  160  12:24  Refinery  
  160  12:28  Command Center  
  160  12:29  Marine x2  
  159  12:35  Marauder  
  159  12:36  Marine x2  
  167  12:40  Marauder x2  
  167  12:41  Marauder  
  171  12:50  Marine x2  
  173  12:56  Marauder  
  172  12:58  Marine  
Show
View Real Time Build Order
Export as new Build Order

Pacomike Protoss 

Build Orders: 1 Gate Expand, Blink Stalkers 

Get SALT Encoding   

  12  0:01  Probe (Chrono Boost)  
  13  0:11  Probe (Chrono Boost)  
  14  0:18  Pylon  
  14  0:22  Probe (Chrono Boost)  
  15  0:36  Gateway, Probe (Chrono Boost)  
  16  0:46  Probe (Chrono Boost)  
  16  0:48  Assimilator  
  18  0:57  Probe (Chrono Boost)  
  18  1:07  Probe (Chrono Boost)  
  19  1:23  Nexus  
  19  1:35  Cybernetics Core  
  19  1:36  Probe (Chrono Boost)  
  20  1:47  Assimilator, Probe (Chrono Boost)  
  21  1:57  Pylon  
  21  1:58  Probe (Chrono Boost)  
  23  2:08  Probe (Chrono Boost)  
  23  2:15  Stalker (Chrono Boost)  
  25  2:18  Warp Gate  
  25  2:19  Probe  
  26  2:29  Twilight Council  
  26  2:31  Probe  
  26  2:34  Probe (Chrono Boost)  
  28  2:43  Probe (Chrono Boost)  
  29  2:46  Probe (Chrono Boost)  
  30  2:54  Probe (Chrono Boost)  
  30  2:56  Probe (Chrono Boost)  
  32  3:00  Gateway  
  32  3:05  Probe (Chrono Boost)  
  33  3:06  Gateway  
  33  3:10  Probe (Chrono Boost)  
  33  3:12  Blink (Chrono Boost)  
  34  3:15  Probe (Chrono Boost)  
  34  3:19  Probe (Chrono Boost)  
  35  3:26  Probe  
  37  3:29  Probe  
  37  3:32  Robotics Facility  
  38  3:38  Probe  
  39  3:41  Pylon  
  39  3:42  Probe  
  39  3:46  Assimilator  
  40  3:49  Assimilator  
  40  3:50  Probe  
  40  3:52  Probe  
  42  4:02  Probe  
  43  4:03  Probe  
  43  4:09  Pylon  
  44  4:14  Probe x2  
  46  4:20  Robotics Bay, Observer (Chrono Boost)  
  47  4:26  Pylon  
  47  4:27  Stalker x3  
  47  4:29  Probe  
  47  4:30  Probe  
  55  4:41  Probe, Observer (Chrono Boost)  
  57  4:47  Nexus  
  57  4:58  Forge  
  58  5:00  Observer (Chrono Boost)  
  58  5:01  Gateway  
  58  5:04  Gateway  
  58  5:14  Probe  
  58  5:16  Disruptor (Chrono Boost)  
  58  5:19  Probe  
  63  5:26  Probe  
  64  5:29  Gateway, Pylon  
  64  5:30  Pylon  
  64  5:31  Protoss Ground Weapons Level 1 (Chrono Boost)  
  64  5:42  Stalker x2  
  67  5:44  Disruptor  
  67  5:47  Stalker  
  73  5:54  Pylon  
  73  6:01  Stalker x2  
  76  6:05  Charge  
  76  6:06  Stalker  
  76  6:08  Probe  
  79  6:13  Stalker  
  79  6:16  Probe  
  79  6:17  Stalker  
  83  6:29  Probe  
  83  6:32  Stargate  
  82  6:36  Probe  
  82  6:37  Probe  
  84  6:41  Disruptor  
  86  6:57  Probe  
  86  7:10  Probe x3  
  86  7:11  Protoss Ground Armor Level 1 (Chrono Boost), Assimilator  
  86  7:12  Assimilator  
  86  7:14  Void Ray (Chrono Boost), Pylon  
  89  7:20  Robotics Facility  
  93  7:23  Pylon  
  93  7:29  Extended Thermal Lance  
  93  7:32  Probe, Pylon  
  93  7:33  Probe x2  
  96  7:39  Warp Prism  
  98  7:47  Probe  
  98  7:49  Probe x2  
  100  7:59  Probe, Stalker  
  100  8:00  Stalker x2  
  100  8:01  Probe x2  
  100  8:04  Zealot x2  
  113  8:11  Probe  
  110  8:13  Probe  
  111  8:21  Zealot  
  111  8:25  Zealot x2  
  111  8:26  Zealot x3  
  121  8:38  Templar Archives  
  121  8:45  Zealot x2  
  121  8:46  Zealot x2  
  129  8:53  Protoss Ground Weapons Level 2 (Chrono Boost)  
  121  9:03  Colossus (Chrono Boost), Nexus  
  121  9:05  Pylon  
  121  9:06  Colossus (Chrono Boost)  
  133  9:29  Psionic Storm, High Templar x4  
  141  9:38  Forge  
  141  9:43  Pylon  
  141  9:49  Pylon  
  141  10:01  Assimilator, Probe x3  
  141  10:05  Assimilator  
  144  10:07  Colossus (Chrono Boost)  
  144  10:13  Probe  
  157  10:15  Probe x2  
  159  10:23  Stalker x4  
  159  10:24  Stalker x2  
  159  10:25  Probe  
  172  10:29  Probe x2  
  162  10:39  Probe  
  155  10:45  Protoss Ground Armor Level 2, Probe x2  
  119  11:06  Probe  
  119  11:09  Stalker  
  119  11:10  Stalker x5  
  128  11:12  Probe  
  128  11:14  Probe  
  128  11:17  Archon  
  106  11:37  Zealot  
  106  11:38  Zealot x5  
  122  11:40  Colossus (Chrono Boost), Probe  
  122  11:42  Probe  
  122  11:43  Robotics Facility  
  122  11:50  Probe  
  110  11:59  Stalker x2  
  110  12:00  Probe, Stalker x4  
  112  12:04  Gateway  
  112  12:06  Gateway  
  113  12:08  Gateway  
  109  12:24  High Templar x2  
  109  12:25  High Templar x4  
  119  12:33  Colossus (Chrono Boost)  
  129  12:40  Immortal (Chrono Boost)  
  129  12:42  Probe  
  129  12:44  Probe x2  
  132  12:47  Probe  
  133  12:58  Stalker x4  
  130  13:11  Stalker x3  
Tags
 
Add a new tag
Caveats
  • Supply blocks, unpowered buildings, or Contaminate may cause inaccurate times.
  • Supply counts are checked every 10 seconds.